 Dungeon Crawl Stone Soup version 0.28.0-53-g5a82cb258f (webtiles) character file.

Game seed: 6081633697620269405

2714 funkygono the Carver (level 9, -5/80 HPs)
             Began as a Minotaur Fighter on July 7, 2022.
             Was a Believer of Okawaru.
             Killed from afar by Erica (19 damage)
             ... with a bolt of acid
             ... on level 8 of the Dungeon.
             The game lasted 00:11:04 (6883 turns).

funkygono the Carver (Minotaur Fighter)             Turns: 6883, Time: 00:11:05

Health: -5/80      AC: 17    Str: 25    XL:     9   Next: 39%
Magic:  17/17      EV:  9    Int:  5    God:    Okawaru [**....]
Gold:   390        SH:  5    Dex: 10    Spells: 8/8 levels left

rFire   . . .      SeeInvis .   a - +2 long sword
rCold   . . .      Faith    .   c - +0 buckler
rNeg    + . .      Spirit   .   C - +4 chain mail
rPois   .          Reflect  .   (helmet restricted)
rElec   .          Harm     .   A - +1 cloak
rCorr   .          Rampage  .   (no gloves)
Will    .....                   (no boots)
Stlth   ..........              w - amulet of regeneration
HPRegen 1.03/turn               p - ring of positive energy
MPRegen 0.15/turn               r - ring of magical power

@: slowed, very slow
A: horns 2, retaliatory headbutt
a: Renounce Religion, Heroism


You were on level 8 of the Dungeon.
You worshipped Okawaru.
Okawaru was pleased with you.
You visited 2 branches of the dungeon, and saw 9 of its levels.

You collected 410 gold pieces.
You spent 20 gold pieces at shops.

Inventory:

Hand Weapons
 a - a +2 long sword (weapon)
 b - a +0 hand crossbow
 i - a +5 dire flail
 z - a +4 quarterstaff of chaos
 D - the +3 spear of Diet Blood {venom, Will+ rCorr Str+2 Int+3}
   (You found it on level 5 of the Dungeon)

   It poisons the flesh of those it strikes.
   Str:       It affects your strength (+2).
   Int:       It affects your intelligence (+3).
   rCorr:     It protects you from acid and corrosion.
   Will:      It increases your willpower.
Missiles
 j - 8 poisoned darts
 m - 2 boomerangs (quivered)
 x - 19 bolts
Armour
 c - a +0 buckler (worn)
 u - a +0 scale mail
 y - a scarf of invisibility
 A - a +1 cloak (worn)
 C - a +4 chain mail (worn)
Magical Staves
 g - a staff of fire
Jewellery
 p - a ring of positive energy (left hand)
 r - a ring of magical power (right hand)
 w - an amulet of regeneration (around neck)
Wands
 n - a wand of iceblast (13)
Scrolls
 e - 2 scrolls of identify
 h - 4 scrolls of fog
 s - a scroll of fear
Potions
 f - a potion of mutation
 k - a potion of heal wounds
 l - a potion of magic
 o - 4 potions of lignification
 q - 2 potions of ambrosia
 t - 2 potions of attraction {unknown}
 v - a potion of curing {unknown}


   Skills:
 + Level 7.6 Fighting
 + Level 11.0 Long Blades
 + Level 1.5 Crossbows
 + Level 7.7 Armour
 + Level 2.6 Dodging
 + Level 0.7 Stealth
 + Level 5.3 Shields
 + Level 0.1 Invocations


You had 8 spell levels left.
You didn't know any spells.
Your spell library contained the following spells:

 Spells                   Type           Power      Damage    Failure   Level
 Corpse Rot               Necr/Air       0%         N/A       99%         2
 Ensorcelled Hibernation  Hex/Ice        0%         N/A       99%         2
 Passwall                 Tmut/Erth      0%         N/A       99%         2
 Poisonous Vapours        Pois/Air       0%         N/A       99%         2
 Swiftness                Air            0%         N/A       100%        3
 Leda's Liquefaction      Hex/Erth       0%         N/A       100%        4
 Borgnjor's Vile Clutch   Necr/Erth      0%         N/A       100%        5
 Manifold Assault         Tloc           0%         N/A       100%        5
 Dispersal                Tloc           0%         N/A       100%        6
 Malign Gateway           Summ/Tloc      Unusable   N/A       N/A         7
 Summon Horrible Things   Summ           Unusable   N/A       N/A         8

Dungeon Overview and Level Annotations

Branches:
Dungeon (8/15)             Temple (1/1) D:5
   Lair: D:8-11

Altars:
Ashenzari
Dithmenos
Elyvilon
Gozag
Hepliaklqana
Makhleb
Nemelex Xobeh
Okawaru
Qazlal
Ru
Sif Muna
Trog
Uskayaw
Vehumet
Wu Jian
Xom
Yredelemnul
Zin

Shops:
D:2 ?   D:3 *   D:4 !   D:7 *

Annotations:
D:8 Erica


Innate Abilities, Weirdness & Mutations

You have a pair of horns on your head.
You reflexively headbutt those who attack you in melee.


Message History

Erica hits you but does no damage.
You slash Erica!
Erica is moderately wounded.
Erica closely misses you.
You closely miss Erica.
Erica is moderately wounded.
Erica points at you and mumbles some strange words.
You feel yourself slow down.
You completely miss Erica. Your headbutt misses Erica.
Erica is moderately wounded.
You feel less confused.
Erica zaps a wand.
The bolt of acid hits you!!!
Ouch! That really hurt!
You closely miss Erica.
Erica is moderately wounded.
Erica hits you with a +0 scimitar of flaming.
Erica burns you.
You slash Erica! You headbutt Erica.
Erica is heavily wounded.
Erica barely misses you.
Erica zaps a wand.
The bolt of acid hits you!!
* * * LOW HITPOINT WARNING * * *
You slash Erica! Your headbutt misses Erica.
Erica is severely wounded.
Erica hits you with a +0 scimitar of flaming.
* * * LOW HITPOINT WARNING * * *
Erica burns you.
* * * LOW HITPOINT WARNING * * *
You feel much better.
Erica hits you with a +0 scimitar of flaming!
* * * LOW HITPOINT WARNING * * *
Erica burns you.
* * * LOW HITPOINT WARNING * * *
Erica zaps a wand.
The bolt of acid misses you.
You hit Erica. You headbutt Erica.
Erica is severely wounded.
Erica completely misses you. You furiously retaliate!
You headbutt Erica! You hit Erica but do no damage.
Erica is almost dead.
Erica zaps a wand.
The bolt of acid hits you!!
You die...

#....................#
#......##..###..##..##
#......##..# #..###+#
#.......#..#.....+
#.......#..#.....#
#......##..##...##
#......# ..#
#......#...#
#.....@@..?#
#......#......
#......# .(##.
#......# .# #....... #
#.......# #.......#
#.......#


You could see Erica.

Vanquished Creatures
  An ugly thing (D:8)
  Menkaure (D:7)
  An ice beast (D:7)
  An ogre (D:5)
  2 necrophages
  2 bullfrogs
  3 scorpions
  A water moccasin zombie (D:5)
  A water moccasin skeleton (D:4)
  10 wights (D:6)
  4 howler monkeys
  A centaur zombie (D:5)
  2 hounds (D:6)
  4 orc priests
  Crazy Yiuf (D:5)
  2 bullfrog skeletons
  Jessica (D:2)
  6 iguanas
  Ijyb (D:3)
  5 orc wizards
  A killer bee zombie (D:6)
  10 adders
  A shadow imp (D:5)
  A white imp (D:5)
  2 ufetubi
  2 adder skeletons
  2 worms (D:2)
  5 dart slugs
  18 orcs
  12 ball pythons
  4 endoplasms
  3 giant cockroaches
  8 hobgoblins
  8 jackals
  4 quokkas
  4 bats
  4 frilled lizards
  7 goblins
  A jackal skeleton (D:3)
  11 kobolds
  7 rats
165 creatures vanquished.

Notes
Turn   | Place    | Note
-------+----------+-------------------------------------------
     0 | D:1      | funkygono the Minotaur Fighter began the quest for the Orb.
     0 | D:1      | Reached XP level 1. HP: 19/19 MP: 0/0
   161 | D:1      | Reached XP level 2. HP: 27/27 MP: 1/1
   643 | D:1      | Found a faded altar of an unknown god.
   716 | D:2      | Reached XP level 3. HP: 30/34 MP: 2/2
   847 | D:2      | Reached skill level 3 in Long Blades
   874 | D:2      | Found Cecuegra's Magic Scroll Shop.
   882 | D:2      | Bought a scroll of identify for 20 gold pieces
   909 | D:2      | Noticed Jessica
   916 | D:2      | Killed Jessica
   917 | D:2      | Reached XP level 4. HP: 38/41 MP: 3/3
  1010 | D:2      | You fall into a shaft and drop 1 floor!
  1301 | D:2      | Got the Collected Works on Unstable Clay
  1981 | D:3      | Noticed Ijyb
  1982 | D:3      | Paralysed by Ijyb for 3 turns
  1987 | D:3      | Reached skill level 4 in Long Blades
  1991 | D:3      | Paralysed by Ijyb for 2 turns
  2003 | D:3      | Killed Ijyb
  2004 | D:3      | Reached XP level 5. HP: 30/47 MP: 4/4
  2336 | D:3      | Found a stormy altar of Qazlal.
  2416 | D:3      | Found Zeathres's General Store.
  2492 | D:3      | Found a sacrificial altar of Ru.
  2554 | D:3      | Found a hide-covered altar of Uskayaw.
  2685 | D:3      | Reached skill level 5 in Armour
  2920 | D:4      | Found Masogey's Distillery.
  2957 | D:4      | Reached skill level 5 in Long Blades
  2957 | D:4      | Reached skill level 1 in Dodging
  2978 | D:4      | Reached XP level 6. HP: 35/55 MP: 5/5
  3226 | D:4      | Reached skill level 5 in Fighting
  3491 | D:4      | Reached skill level 6 in Long Blades
  3938 | D:4      | Reached XP level 7. HP: 61/61 MP: 6/6
  3995 | D:5      | Entered Level 5 of the Dungeon
  4235 | D:5      | Reached skill level 7 in Long Blades
  4249 | D:5      | Found a staircase to the Ecumenical Temple.
  4258 | Temple   | Entered the Ecumenical Temple
  4621 | D:5      | Found an ornate altar of the Wu Jian Council.
  4695 | D:5      | Found a runed translucent door.
  4696 | D:5      | Noticed Crazy Yiuf
  4701 | D:5      | Killed Crazy Yiuf
  4825 | D:5      | Identified the +3 spear of Diet Blood {venom, Will+ rCorr
                  | Str+2 Int+3}
  5001 | D:6      | Found a white marble altar of Elyvilon.
  5099 | D:6      | Found an iron altar of Okawaru.
  5105 | D:6      | Became a worshipper of Warmaster Okawaru
  5123 | D:6      | Reached XP level 8. HP: 70/70 MP: 7/7
  5145 | D:6      | Reached skill level 8 in Long Blades
  5201 | D:6      | Found a radiant altar of Vehumet.
  5336 | D:6      | Found a sparkling altar of Nemelex Xobeh.
  5351 | D:6      | Reached skill level 5 in Shields
  5359 | D:6      | Reached * piety under Okawaru
  5516 | D:6      | Reached skill level 9 in Long Blades
  6045 | D:7      | Found Xinarom's Elemental Accessories.
  6097 | D:7      | Reached skill level 10 in Long Blades
  6107 | D:7      | Reached XP level 9. HP: 79/79 MP: 8/8
  6201 | D:7      | Noticed Menkaure
  6208 | D:7      | Killed Menkaure
  6355 | D:7      | Found a shadowy altar of Dithmenos.
  6778 | D:8      | Noticed a brown ugly thing
  6788 | D:8      | Killed a brown ugly thing
  6788 | D:8      | Reached ** piety under Okawaru
  6789 | D:8      | Reached skill level 11 in Long Blades
  6812 | D:8      | Reached skill level 1 in Crossbows
  6869 | D:8      | Noticed Erica
  6883 | D:8      | Killed from afar by Erica

Illustrated notes

Levels and vault maps discovered:
D:1:      dpeg_arrival_pond, layout_rooms,
          shapermc_ecumenical_altar_mp_highgroup, minmay_quantized
D:2:      layout_loops_ring, serial_shops, shop, uniq_jessica
D:3:      layout_basic, mainiacjoe_overflow_paths,
          mainiacjoe_overflow_two_lobes, serial_shops, nicolae_shop_stone,
          minmay_statues_item, minmay_misc_feat_roman, minmay_snake_closets,
          uniq_ijyb
D:4:      layout_loops_ring, serial_shops, nicolae_stop_n_shop_1
D:5:      layout_cave_pools, mainiacjoe_overflow_small_starburst,
          minmay_temple_entry_junction, grunt_decor_clamped,
          uniq_crazy_yiuf_cottage
D:6:      layout_loops_ring, amcnicky_altar_gilded,
          mainiacjoe_overflow_brackets, mainiacjoe_overflow_catch_the_wave,
          chequers_serial_rivers_small_a, kennysheep_generic_room_6
D:7:      layout_basic, old_standard_altar, nicolae_elemental_shop,
          uniq_menkaure
D:8:      layout_gridville, uniq_erica
Temple:   jpeg_temple_island

Skill      XL: |  1  2  3  4  5  6  7  8  9 |
---------------+----------------------------+-----
Fighting       | 4 5 7 |  7.6
Armour         | 4 5 6 7 |  7.7
Shields        | 4 5 |  5.3
Long Blades    | 3 4 5 6 7 10 11 | 11.0
Dodging        | 1 2 |  2.6
Crossbows      | 1 |  1.5
Stealth        | |  0.7
Invocations    | |  0.1

Action                   |  1- 3 |  4- 6 |  7- 9 || total
-------------------------+-------+-------+-------++-------
Melee: Long sword        |    74 |   173 |   194 ||   441
       Headbutt          |    10 |    34 |    43 ||    87
 Fire: Hand crossbow     |       |       |    14 ||    14
Invok: Heroism           |       |       |     2 ||     2
  Use: Scroll            |       |     4 |    14 ||    18
       Potion            |       |       |     2 ||     2
Armor: Scale mail        |    25 |    56 |    14 ||    95
       Chain mail        |       |       |    58 ||    58
Dodge: Dodged            |    45 |    76 |    72 ||   193
Block: Buckler           |    15 |    33 |    30 ||    78
